 Dungeon Crawl Stone Soup version 0.29-a0-541-gaf1fc19f1b (webtiles) character file.

Game seed: 855607298619401414

42 porpoise the Shooter (level 3, -12/22 HPs)
             Began as a Tengu Hunter on June 3, 2022.
             Mangled by Terence
             ... wielding a +0 trident
              (14 damage)
             ... on level 2 of the Dungeon.
             The game lasted 00:03:12 (1232 turns).

porpoise the Shooter (Tengu Hunter)                 Turns: 1232, Time: 00:03:13

Health: -12/22     AC:  5    Str: 11    XL:     3   Next: 56%
Magic:  13/13      EV: 11    Int:  9    God:
Gold:   87         SH:  0    Dex: 19    Spells: 2/2 levels left

rFire   . . .      SeeInvis .   a - +1 shortbow
rCold   . . .      Faith    .   (shield currently unavailable)
rNeg    . . .      Spirit   .   m - +0 ring mail
rPois   .          Reflect  .   (helmet restricted)
rElec   .          Harm     .   (no cloak)
rCorr   .          Rampage  .   (no gloves)
Will    .....                   (boots unavailable)
Stlth   ++........              (no amulet)
HPRegen 0.07/turn               o - ring of magical power
MPRegen 0.13/turn               (no ring)

@: flying
A: beak, talons 3
a: no special abilities


You were on level 2 of the Dungeon.
You visited 1 branch of the dungeon, and saw 2 of its levels.

You collected 87 gold pieces.

Inventory:

Hand Weapons
 a - a +1 shortbow (weapon)
Missiles
 j - 5 boomerangs
 k - 4 atropa-tipped darts
Armour
 m - a +0 ring mail (worn)
Jewellery
 n - a ring of fire
 o - a ring of magical power (left hand)
Wands
 d - a wand of flame (22)
Scrolls
 c - 3 scrolls of immolation
 e - a scroll of fear {unknown}
 g - a scroll of amnesia {unknown}
 h - 2 scrolls of identify {unknown}
 i - a scroll of enchant weapon {unknown}
 l - a scroll of poison {unknown}
 r - a scroll of brand weapon {unknown}
Potions
 b - a potion of flight
 f - a potion of lignification {unknown}
 p - a potion of heal wounds {unknown}
 q - 2 potions of curing {unknown}


   Skills:
 * Level 2.8 Fighting
 * Level 4.9 Bows
 - Level 2.1 Dodging
 + Level 1.7 Stealth


You had 2 spell levels left.
You didn't know any spells.
Your spell library contained the following spells:

 Spells                   Type           Power      Damage    Failure   Level
 Gell's Gravitas          Tloc           0%         N/A       96%         3
 Teleport Other           Tloc           0%         N/A       96%         3
 Dispersal                Tloc           0%         N/A       100%        6


Dungeon Overview and Level Annotations

Branches:
Dungeon (2/15)

Altars:

Annotations:
D:2 Terence


Innate Abilities, Weirdness & Mutations

You have a beak for a mouth.
You have claws for feet.


Message History

The arrow hits Terence but does no damage.
Terence is heavily wounded.
Terence shouts, "Get ready for death!"
Terence hits you from afar with a +0 trident.
You shoot an arrow.
The arrow hits Terence but does no damage.
Terence is heavily wounded.
Terence says, "Time to say good-bye..."
Terence hits you but does no damage.
You shoot an arrow.
The arrow hits Terence but does no damage.
Terence is heavily wounded.
Terence hits you but does no damage.
You shoot an arrow. The arrow barely misses Terence.
Terence drinks a potion.
Terence seems to grow stronger.
Terence hits you from afar with a +0 trident!
Ouch! That really hurt!
* * * LOW HITPOINT WARNING * * *
You are too injured to fight recklessly!
You are too injured to fight recklessly!
Unknown command.
It was a potion of flight.
You feel very buoyant.
You fly up into the air.
Terence barely misses you.
Throw: 5 darts (atropa)
Press: ? - help, Q - select action, (/) - cycle Shift-Dir - straight line, f/p - Terence
Aim: Terence, wielding a +0 trident and wearing a +0 scale mail (heavily wounded, strong, 65% to hit, chance to blind on hit: 100%)
You throw an atropa-tipped dart. The atropa-tipped dart hits Terence.
Terence appears confused.
Terence is heavily wounded.
Okay, then.
Shoot: a) +1 shortbow
Press: ? - help, Q - select action, (/) - cycle Shift-Dir - straight line, f/p - Terence
Aim: Terence, wielding a +0 trident and wearing a +0 scale mail (heavily wounded, strong, confused, blind, 84% to hit)
You shoot an arrow. The arrow completely misses Terence.
Terence seems less confused.
Terence says, "You're history."
Terence hits you from afar with a +0 trident!
Ouch! That really hurt!
You die...

...#######.#####
...............##########
#.#####.###.##.........).
#.# #.#############
...####.###.#
.........##.#
...####..##.# #.........#
#.###.@#### #..# .@..#
..###.# # #.... #.!.#
########## #. #.#. ###.#
#......... ##.##.# #.#
#.######## .#...#.## #.#
#.# ...#....# #.# #.#


You could see Terence (strong, blind).

Vanquished Creatures
  An adder (D:2)
  2 worms (D:2)
  A dart slug (D:2)
  A bat (D:1)
  An endoplasm (D:2)
  A giant cockroach (D:1)
  2 goblins (D:2)
  3 hobgoblins (D:1)
  3 kobolds
  A quokka (D:1)
  4 ball pythons
  A frilled lizard (D:1)
  4 rats
25 creatures vanquished.

Notes
Turn   | Place    | Note
-------+----------+-------------------------------------------
     0 | D:1      | porpoise the Tengu Hunter began the quest for the Orb.
     0 | D:1      | Reached XP level 1. HP: 12/12 MP: 2/2
    33 | D:1      | You fall into a shaft and drop 1 floor!
    52 | D:2      | Found a faded altar of an unknown god.
   239 | D:1      | Reached XP level 2. HP: 17/17 MP: 3/3
   842 | D:2      | Reached XP level 3. HP: 22/22 MP: 4/4
  1222 | D:2      | Noticed Terence
  1232 | D:2      | Mangled by Terence

Illustrated notes

Levels and vault maps discovered:
D:1:      matt_arrival_grand_opening, layout_basic, minmay_misc_feat_roman
D:2:      layout_loops_ring, hellmonk_ecumenical_altar_run_dry, uniq_terence

Action                   || total
-------------------------++-------
 Fire: Shortbow          ||    63
Throw: Dart              ||     1
  Use: Potion            ||     1
Armor: Leather armour    ||     4
       Ring mail         ||     6
Dodge: Dodged            ||    15

Table legend: (Time is in decaauts)
 A = Elapsed time spent in this place.
 B = Non-inter-level travel time spent in this place.
 C = Inter-level travel time spent in this place.
 D = Time resting spent in this place.
 E = Time spent auto-exploring this place.
 F = Levels seen in this place.
 G = Mean time per level.
                   A        B        C        D        E       F      G
               +--------+--------+--------+--------+--------+-----+--------+
         Total |   1253 |   1243 |     10 |    279 |    797 |   2 |  626.5 |
       Dungeon |   1253 |   1243 |     10 |    279 |    797 |   2 |  626.5 |
               +--------+--------+--------+--------+--------+-----+--------+

Top non-repeatable levels by time:
     D:2: 730 daAuts
     D:1: 523 daAuts
